 Dungeon Crawl Stone Soup version 0.23-a0-487-gc6253629db (webtiles) character file.

1446 ArschAngel the Chopper (level 8, -6/61 HPs)
             Began as a Demonspawn Gladiator on Dec 1, 2018.
             Was a Believer of Makhleb.
             Mangled by an orc warrior
             ... wielding a +0 dire flail
              (7 damage)
             ... on level 7 of the Dungeon.
             The game lasted 00:13:31 (5966 turns).

ArschAngel the Chopper (Demonspawn Gladiator)       Turns: 5966, Time: 00:13:32

Health: -6/61      AC: 11    Str: 17    XL:     8   Next: 46%
Magic:  10/10      EV:  7    Int: 10    God:    Makhleb [**....]
Gold:   297        SH:  4    Dex: 14    Spells: 7/7 levels left

rFire    . . .     SeeInvis .   a - +1 war axe
rCold    . . .     Gourm    .   n - +0 buckler
rNeg     . . .     Faith    .   q - +0 chain mail
rPois    .         Spirit   .   c - +1 helmet
rElec    .         Reflect  .   (no cloak)
rCorr    .         Harm     .   (no gloves)
MR       .....                  (no boots)
Stlth    ..........             (no amulet)
HPRegen  0.20/turn              (no ring)
MPRegen  0.12/turn              (no ring)

@: no status effects
A: hooves 2, demonic guardian 1, nightstalker 2
a: Minor Destruction, Renounce Religion


You were on level 7 of the Dungeon.
You worshipped Makhleb.
Makhleb was pleased with you.
You were not hungry.

You visited 1 branch of the dungeon, and saw 7 of its levels.

You collected 297 gold pieces.

Inventory:

Hand Weapons
 a - a +1 war axe (weapon)
Missiles
 d - 2 throwing nets
 k - 8 poisoned needles
 m - 182 stones (quivered)
 x - 7 needles of sleeping
Armour
 c - a +1 helmet (worn)
 n - a +0 buckler (worn)
 q - a +0 chain mail (worn)
Jewellery
 h - an uncursed ring of stealth {unknown}
 l - an uncursed ring of protection from cold {unknown}
Wands
 o - a wand of scattershot (5)
 y - a wand of paralysis (2)
 A - a wand of digging (4)
Scrolls
 b - a scroll of immolation
 g - 2 scrolls of teleportation {unknown}
 i - 7 scrolls of identify
 p - a scroll of blinking
 r - a scroll of enchant armour
 z - a scroll of amnesia {unknown}
 B - a scroll of torment {unknown}
 C - a scroll of magic mapping {unknown}
Potions
 e - a potion of magic {unknown}
 j - 2 potions of invisibility
 s - a potion of agility {unknown}
 t - a potion of lignification {unknown}
 u - 2 potions of curing {unknown}
 w - 2 potions of heal wounds {unknown}
Comestibles
 f - 14 rations


   Skills:
 + Level 4.4 Fighting
 + Level 7.5 Axes
 - Level 1.8 Throwing
 - Level 4.1 Armour
 - Level 2.7 Dodging
 * Level 1.7 Shields
 * Level 2.7 Invocations
 - Level 0.1 Evocations


You had 7 spell levels left.
You didn't know any spells.
Your spell library contained the following spells:

 Spells                   Type           Power        Failure   Level  Hunger
 Confusing Touch          Hex            #.....       100%        1    ##.....
 Confuse                  Hex            #.......     100%        3    ####...
 Gell's Gravitas          Tloc           #.........   100%        3    ####...
 Petrify                  Tmut/Erth      #.......     100%        4    #####..
 Metabolic Englaciation   Hex/Ice        #.........   100%        5    ######.
 Yara's Violent Unravell  Hex/Tmut       #.........   100%        5    ######.


Dungeon Overview and Level Annotations

Branches:
Dungeon (7/15)             Temple (0/1) D:7

Altars:
Fedhas
Hepliaklqana
Makhleb
Okawaru
Qazlal
Ru
Sif Muna
Vehumet
Zin

Annotations:
D:5 2 transporters, hemabe's ghost, novice HuAr


Innate Abilities, Weirdness & Mutations

You have hoof-like feet.
A weak demonic guardian rushes to your aid.
You are significantly more attuned to the shadows.


Message History

Unknown command.
You hit the orc warrior. Your kick misses the orc warrior.
The orc warrior is almost dead.
The orc warrior hits you with a +0 dire flail!
Unknown command.
You closely miss the orc warrior. You kick the orc warrior.
The orc warrior is almost dead.
The orc warrior hits you with a +0 dire flail.
Unknown command.
Things that are here:
a +0 dagger; a big kobold corpse Your chain mail prevents you from hitting the orc warrior.
Your kick misses the orc warrior.
The orc warrior is almost dead.
The orc warrior hits you with a +0 dire flail!!
* * * LOW HITPOINT WARNING * * *
You hit the orc warrior but do no damage.
The orc warrior is almost dead.
The orc warrior hits you with a +0 dire flail!
You die...

#... #.#. #... ..o.
#### K#. # oK # #.
######### #
#o######.......# #
#So@(.((..#.##.# #
########)##.##.#####
#.##.........
#.#####.#####
#.#####.# #.<.....#
#########


You could see an orc warrior, an adder and an orc.

Vanquished Creatures
  Grinder (D:6)
  A sky beast (D:6)
  2 ice beasts (D:6)
  A centaur (D:7)
  2 bullfrogs
  A big kobold (D:7)
  3 crimson imps
  A centaur zombie (D:6)
  A quasit (D:6)
  A bullfrog zombie (D:6)
  An orc priest (D:5)
  2 bullfrog skeletons (D:6)
  An orc wizard (D:5)
  2 iguanas
  A worker ant (D:6)
  A killer bee zombie (D:6)
  A hound zombie (D:6)
  A gnoll (D:1)
  6 adders
  2 oozes
  An adder skeleton (D:4)
  A dart slug (D:2)
  4 leopard geckos
  17 orcs
  7 bats
  7 giant cockroaches
  13 goblins
  7 hobgoblins
  6 kobolds
  2 quokkas
  A ball python (D:2)
  4 frilled lizards
  A jackal skeleton (D:6)
  A quokka skeleton (D:5)
  5 rats
109 creatures vanquished.

Vanquished Creatures (collateral kills)
  A centaur (D:5)
  2 howler monkeys (D:6)
  An orc priest (D:3)
  An orc wizard (D:3)
  An adder (D:7)
  An adder zombie (D:7)
  A worm (D:5)
  A leopard gecko (D:6)
  4 orcs
  A hobgoblin (D:1)
  A kobold (D:3)
15 creatures vanquished.

Vanquished Creatures (others)
  An orc wizard (D:5)
1 creature vanquished.

Grand Total: 125 creatures vanquished

Notes
Turn   | Place    | Note
-------+----------+-------------------------------------------
     0 | D:1      | ArschAngel the Demonspawn Gladiator began the quest for the
                  | Orb.
     0 | D:1      | Reached XP level 1. HP: 16/16 MP: 1/1
   104 | D:1      | Reached skill level 3 in Axes
   244 | D:1      | Gained mutation: A weak demonic guardian rushes to your
                  | aid. [demonic ancestry]
   244 | D:1      | Reached XP level 2. HP: 21/22 MP: 2/2
   685 | D:1      | Reached XP level 3. HP: 22/27 MP: 3/3
  1115 | D:2      | Reached skill level 4 in Axes
  1115 | D:2      | Gained mutation: You have large cloven feet. [demonic
                  | ancestry]
  1115 | D:2      | Reached XP level 4. HP: 31/34 MP: 4/4
  1221 | D:2      | Found a radiant altar of Vehumet.
  1312 | D:2      | Found a burning altar of Makhleb.
  1520 | D:2      | Became a worshipper of Makhleb the Destroyer
  1846 | D:3      | Found a blossoming altar of Fedhas.
  1874 | D:3      | Reached skill level 1 in Armour
  2262 | D:4      | Found an iron altar of Okawaru.
  2263 | D:4      | Found a sacrificial altar of Ru.
  2403 | D:4      | You fall through a shaft!
  2403 | D:5      | Entered Level 5 of the Dungeon
  2491 | D:4      | Found a glowing silver altar of Zin.
  2527 | D:4      | Gained mutation: You are slightly more attuned to the
                  | shadows. [demonic ancestry]
  2527 | D:4      | Reached XP level 5. HP: 36/39 MP: 5/5
  2551 | D:4      | Found a stormy altar of Qazlal.
  2555 | D:4      | Found a blossoming altar of Fedhas.
  2557 | D:4      | Found a faded altar of an unknown god.
  2559 | D:4      | Found a faded altar of an unknown god.
  2562 | D:4      | Found a deep blue altar of Sif Muna.
  3006 | D:5      | Found a transporter.
  3262 | D:5      | Noticed a centaur
  3279 | D:5      | Killed a centaur
  3279 | D:5      | Reached skill level 5 in Axes
  3279 | D:5      | Gained mutation: You have hoof-like feet. [demonic
                  | ancestry]
  3279 | D:5      | Reached XP level 6. HP: 14/47 MP: 6/6
  3526 | D:5      | Found a transporter.
  3526 | D:5      | Noticed hemabe's ghost (novice HuAr)
  3568 | D:5      | Reached * piety under Makhleb
  4258 | D:6      | Reached XP level 7. HP: 48/52 MP: 7/7
  4505 | D:6      | Reached skill level 6 in Axes
  4958 | D:6      | Noticed Grinder
  4969 | D:6      | Killed Grinder
  5046 | D:6      | Gained mutation: You are significantly more attuned to the
                  | shadows. [demonic ancestry]
  5046 | D:6      | Reached XP level 8. HP: 58/60 MP: 8/8
  5082 | D:6      | Reached skill level 7 in Axes
  5082 | D:6      | Reached skill level 1 in Invocations
  5110 | D:6      | Reached skill level 1 in Shields
  5236 | D:6      | Found a hazy altar of Hepliaklqana.
  5636 | D:7      | Found a staircase to the Ecumenical Temple.
  5646 | D:7      | Reached ** piety under Makhleb
  5965 | D:7      | HP: 1/61 [orc warrior/+0 dire flail (19)]
  5966 | D:7      | Mangled by an orc warrior

Vault maps used:
D:1:      dpeg_arrival_rhombus, chequers_mini_garden, minmay_misc_feat_plants
D:2:      grunt_temple_overflow_open, minmay_misc_feat_ornament
D:3:      fedhas_altar_2
D:4:      zin_scriptorium, gammafunk_temple_overflow_statue,
          chequers_temple_overflow_minitemple, minmay_misc_feat_rugged,
          hangedman_decor_clover_reticule
D:5:      first_ration, gammafunk_ghost_smash, nrook_pool_corridor,
          kennysheep_generic_room_14
D:6:      lemuel_doored_altar, minmay_lizard_king, uniq_grinder
D:7:      kennysheep_orc_sif_temple, minmay_temple_entry_ruins, serial_shops,
          shop

Skill      XL: |  1  2  3  4  5  6  7  8 |
---------------+-------------------------+-----
Axes           | 3 4 5 6 7 |  7.5
Armour         | 1 2 3 4 |  4.1
Fighting       | 3 4 |  4.4
Invocations    | 2 |  2.7
Shields        | 1 |  1.7
Throwing       | |  1.8
Dodging        | |  2.7
Evocations     | |  0.1

Action                   |  1- 3 |  4- 6 |  7- 9 || total
-------------------------+-------+-------+-------++-------
Melee: War axe           |    85 |   150 |   129 ||   364
       Kick              |       |    36 |    31 ||    67
Throw: Throwing net      |       |       |     1 ||     1
Evoke: Wand              |       |       |     2 ||     2
  Use: Scroll            |       |     7 |       ||     7
       Potion            |       |       |     1 ||     1
 Stab: Distracted        |       |     1 |       ||     1
       Paralysed         |       |       |     5 ||     5
       Invisible         |       |       |     1 ||     1
  Eat: Chunk             |     1 |     6 |     6 ||    13
       Ration            |       |     1 |       ||     1
Armor: Ring mail         |    14 |       |       ||    14
       Scale mail        |    39 |    12 |       ||    51
       Chain mail        |       |    67 |    88 ||   155
Dodge: Dodged            |    43 |    64 |    51 ||   158
Block: Buckler           |       |       |    18 ||    18

Table legend:
 A = Non-vault XP
 B = Vault XP
 C = Vault XP percentage of total XP
 D = Non-vault monster count
 E = Vault monster count
 F = Vault count percentage of total count
                 A         B        C        D         E       F
            +---------+---------+-------+---------+---------+-------
      Total |    1720 |     347 |  16.8 |     116 |       9 |   7.2
            +---------+---------+-------+---------+---------+-------
        D:1 |      48 |       0 |   0.0 |      20 |       0 |   0.0
        D:2 |      71 |       0 |   0.0 |      26 |       0 |   0.0
        D:3 |      68 |       0 |   0.0 |      12 |       0 |   0.0
        D:4 |      13 |       0 |   0.0 |       4 |       0 |   0.0
        D:5 |     311 |      48 |  13.4 |      19 |       1 |   5.0
        D:6 |     887 |     299 |  25.2 |      24 |       8 |  25.0
        D:7 |     322 |       0 |   0.0 |      11 |       0 |   0.0
            +---------+---------+-------+---------+---------+-------
